 Dungeon Crawl Stone Soup version 0.21.1-1-g345015f (webtiles) character file.

2230 nicolaieve the Cleaver (level 9, -2/72 HPs)
             Began as a Minotaur Berserker on June 12, 2018.
             Was an Elder of Trog.
             Slain by Joseph
             ... wielding a +0 quarterstaff
              (13 damage)
             ... on level 7 of the Dungeon.
             The game lasted 00:21:02 (4863 turns).

nicolaieve the Cleaver (Minotaur Berserker)         Turns: 4863, Time: 00:21:02

Health: -2/72      AC:  6    Str: 23    XL:     9   Next: 14%
Magic:  8/8        EV: 12    Int:  4    God:    Trog [****..]
Gold:   402        SH:  0    Dex: 12    Spells: 8/8 levels left

rFire    . . .     SeeInvis .   a - +0 hand axe
rCold    + . .     Gourm    .   (no shield)
rNeg     + . .     Faith    .   d - +2 leather armour {MR+}
rPois    .         Spirit   .   (helmet restricted)
rElec    .         Reflect  .   (no cloak)
rCorr    .         Harm     .   (no gloves)
MR       +++..                  p - +0 pair of boots
Stlth    +.........             t - amulet of rage
HPRegen  1.22/turn              x - ring of protection from cold
MPRegen  0.11/turn              w - ring of positive energy

@: regenerating
A: retaliatory headbutt, horns 2
a: Berserk, Trog's Hand, Brothers in Arms, Burn Spellbooks, Renounce Religion,
Evoke Berserk Rage


You were on level 7 of the Dungeon.
You worshipped Trog.
Trog was greatly pleased with you.
You were hungry.

You visited 1 branch of the dungeon, and saw 7 of its levels.

You collected 402 gold pieces.

Inventory:

Hand Weapons
 a - a +0 hand axe (weapon)
 f - a +0 battleaxe
Missiles
 j - 196 stones (quivered)
Armour
 d - a +2 leather armour of magic resistance (worn)
 i - a +0 plate armour
 p - a +0 pair of boots (worn)
Jewellery
 e - a +6 ring of intelligence
 r - an uncursed ring of ice
 t - an amulet of rage (around neck)
 w - a ring of positive energy (right hand)
 x - a ring of protection from cold (left hand)
Wands
 A - a wand of polymorph (11)
Scrolls
 b - a scroll of fear
 h - a scroll of enchant armour {unknown}
 k - 5 scrolls of teleportation {unknown}
 l - a scroll of fog {unknown}
 o - 3 scrolls of magic mapping
 s - a scroll of blinking {unknown}
 y - a scroll of immolation {unknown}
 B - a scroll of enchant weapon {unknown}
Potions
 g - a potion of haste
 m - 4 potions of invisibility
 n - a potion of mutation {unknown}
 q - 2 potions of flight
 v - a potion of might {unknown}
 z - 2 potions of lignification
Books
 u - a book of Frost

   Spells                             Type                      Level
   a - Freeze                         Ice                          1
   b - Throw Frost                    Conjuration/Ice              2
   c - Ozocubu's Armour               Charms/Ice                   3
   d - Throw Icicle                   Conjuration/Ice              4
   e - Summon Ice Beast               Ice/Summoning                4
   Trog disapproves of the use of such an item.
 D - a book of Cantrips

   Spells                             Type                      Level
   a - Confusing Touch                Hexes                        1
   b - Animate Skeleton               Necromancy                   1
   c - Summon Small Mammal            Summoning                    1
   d - Apportation                    Translocation                1
   Trog disapproves of the use of such an item.
Comestibles
 c - 13 rations


   Skills:
 * Level 4.3 Fighting
 + Level 13.9 Axes
 * Level 3.3 Armour
 - Level 2.2 Dodging


You had 8 spell levels left.
You didn't know any spells.

Dungeon Overview and Level Annotations

Branches:
Dungeon (7/15)             Temple (0/1) D:6

Altars:
Elyvilon
Gozag
Qazlal
Vehumet
Wu Jian
Zin
The Shining One

Shops:
D:4 *   D:5 (

Annotations:
D:7 Joseph


Innate Abilities, Weirdness & Mutations

You reflexively headbutt those who attack you in melee.
You have a pair of horns on your head.


Message History

You see here a sling bullet.
Joseph shoots a sling bullet.
The sling bullet hits you!
You see here a sling bullet.
Joseph shoots a sling bullet.
The sling bullet hits you!!
* * * LOW HITPOINT WARNING * * *
x2 You see here a sling bullet.
Joseph shouts, "Wow!"
Joseph unwields an uncursed hunting sling of velocity.
Joseph wields an uncursed quarterstaff.
Joseph hits you with an uncursed quarterstaff!
* * * LOW HITPOINT WARNING * * *
You closely miss Joseph. Your headbutt misses Joseph. You barely miss Joseph.
Joseph barely misses you.
Unknown command.
Your skin crawls.
You feel resistant to hostile enchantments.
You feel somewhat more hungry.
You are feeling hungry.
Joseph hits you with an uncursed quarterstaff!
You die...

...........# #.# .#.........#
#.# # ###.......# #.# #.
.......### #.# #.#######.###
#.## #...# ##+## #..#
###.####...## ##.#
###..((.#.)...## ###.#
##.#.###.<((@@..# ##.#.#
##.<..# #.........####....####
#.....###.........+......[....
##................####.....###
##.######.......## ##....###
#.# ##.....## #.......# #.#
##...## #.......# #.# ##+##
#.......# #.# #.# ###...###


You could see Joseph.

Vanquished Creatures
  Grinder (D:4)
  Eustachio (D:4)
  6 ogres
  A phantom (D:4)
  A centaur (D:7)
  2 bullfrogs (D:7)
  A gnoll sergeant (D:5)
  A wyvern skeleton (D:7)
  3 scorpions
  2 hounds
  A quasit (D:5)
  A centaur skeleton (D:4)
  3 bullfrog skeletons
  3 orc priests
  2 iguanas (D:4)
  4 orc wizards
  3 worker ants
  A hound skeleton (D:4)
  14 gnolls
  7 adders
  An adder zombie (D:7)
  3 worms
  A dart slug (D:1)
  5 leopard geckos
  11 orcs
  A ball python (D:5)
  7 giant cockroaches
  6 hobgoblins
  10 jackals
  A quokka (D:3)
  10 bats
  4 frilled lizards
  6 goblins
  4 kobolds
  A leopard gecko zombie (D:7)
  5 rats
134 creatures vanquished.

Notes
Turn   | Place    | Note
-------+----------+-------------------------------------------
     0 | D:1      | nicolaieve the Minotaur Berserker began the quest for the Orb.
     0 | D:1      | Reached XP level 1. HP: 19/19 MP: 0/0
    46 | D:1      | Reached skill level 4 in Axes
   115 | D:1      | Reached XP level 2. HP: 16/26 MP: 1/1
   428 | D:1      | Reached skill level 5 in Axes
   531 | D:2      | Reached XP level 3. HP: 26/31 MP: 2/2
   573 | D:2      | Reached ** piety under Trog
   898 | D:2      | Noticed a scorpion
   905 | D:2      | Killed a scorpion
   905 | D:2      | Reached skill level 6 in Axes
   905 | D:2      | Reached XP level 4. HP: 39/39 MP: 3/3
  1366 | D:3      | Found a white marble altar of Elyvilon.
  1366 | D:3      | Found a radiant altar of Vehumet.
  1499 | D:3      | Reached XP level 5. HP: 41/45 MP: 4/4
  1522 | D:3      | Reached skill level 7 in Axes
  2019 | D:4      | Reached skill level 8 in Axes
  2033 | D:4      | Reached XP level 6. HP: 51/51 MP: 5/5
  2312 | D:4      | Reached skill level 9 in Axes
  2335 | D:4      | Noticed Grinder
  2349 | D:4      | Killed Grinder
  2349 | D:4      | Reached *** piety under Trog
  2349 | D:4      | Reached skill level 10 in Axes
  2349 | D:4      | Reached XP level 7. HP: 11/57 MP: 6/6
  2483 | D:4      | Found Meaxku's Assorted Antiques.
  2523 | D:4      | Noticed Eustachio
  2529 | D:4      | Killed Eustachio
  2744 | D:4      | Reached skill level 11 in Axes
  2853 | D:4      | Reached XP level 8. HP: 56/64 MP: 7/7
  2865 | D:5      | Entered Level 5 of the Dungeon
  2910 | D:5      | Found Leceg's Weapon Boutique.
  3003 | D:5      | Reached skill level 12 in Axes
  3046 | D:5      | Found a glowing silver altar of Zin.
  3141 | D:5      | Found an ornate altar of the Wu Jian Council.
  3326 | D:5      | Reached **** piety under Trog
  3331 | D:5      | Reached skill level 13 in Axes
  3744 | D:6      | Found a staircase to the Ecumenical Temple.
  4430 | D:6      | Found a glowing golden altar of the Shining One.
  4560 | D:7      | Reached XP level 9. HP: 71/71 MP: 8/8
  4662 | D:7      | Found a stormy altar of Qazlal.
  4723 | D:7      | Found an opulent altar of Gozag.
  4855 | D:7      | Noticed Joseph
  4863 | D:7      | Slain by Joseph

Skill      XL: |  1  2  3  4  5  6  7  8  9 |
---------------+----------------------------+-----
Axes           | 4 5 6 8 10 11 13 | 13.9
Fighting       | 4 |  4.3
Armour         | 3 |  3.3
Dodging        | |  2.2

Action                   |  1- 3 |  4- 6 |  7- 9 || total
-------------------------+-------+-------+-------++-------
Melee: Hand axe          |    60 |   131 |   171 ||   362
       Headbutt          |    13 |    28 |    36 ||    77
Invok: Berserk           |       |     1 |     3 ||     4
       Trog's Hand       |       |       |     1 ||     1
  Use: Scroll            |       |     2 |     4 ||     6
 Stab: Sleeping          |     1 |       |       ||     1
  Eat: Ration            |       |     1 |     2 ||     3
       Chunk             |       |     1 |     5 ||     6
Armor: Ring mail         |    16 |     2 |       ||    18
       Leather armour    |     7 |    31 |    31 ||    69
Dodge: Dodged            |    43 |    54 |    85 ||   182
